Rangers vs Capitals

Created - October 14, 2018 at 22:10

Goals
1 2 3 T
Rangers 2 0 1 3
Capitals 0 1 0 1
Shots
1 2 3 T
Rangers 17 5 12 34
Capitals 8 13 18 39

1st period

1. Rangers , Milan Lucic 1 (Jakob Silfverberg 1) at 12:52
2. Rangers , Matt Read 1 (Stephen Weiss 1, Mark Fistric 1) at 15:56

Penalties :
Matt Greene (NYR) for Holding (Minor) at 7:40, Stephen Weiss (NYR) for Roughing (Minor) at 18:10

2nd period

3. Capitals , Joe Thornton 1 (Blake Wheeler 1, Jamie Benn 1) at 9:39 (PP)

Penalties :
Matt Greene (NYR) for Holding (Minor) at 9:22

3rd period

4. Rangers , Alex Tanguay 1 (Alexei Emelin 1) at 7:19

Penalties :
Matt Greene (NYR) for Cross-checking (Minor) at 9:02, Alex Tanguay (NYR) for Tripping (Minor) at 19:06

Goalie Stats

Frederik Andersen (NYR), 38 saves from 39 shots - (0.974), W, 1-0-0, 60:00 minutes
Ryan Miller (Was), 31 saves from 34 shots - (0.912), L, 0-1-0, 60:00 minutes

Players Stats for Rangers

Player Name              G  A  P  +/- PIM S  H  SB GA TA FO     MP     PP MP  PK MP  
------------------------------------------------------------------------------------
Alex Tanguay             1  0  1   2  2   6  1  1  0  1  0/0    14:20   0:00   1:06 
Alexei Emelin            0  1  1   1  0   1  0  1  0  1  0/0    16:17   0:00   2:01 
Artem Anisimov           0  0  0   0  0   0  0  1  0  0  1/1     7:38   0:00   0:00 
Cam Barker               0  0  0   0  0   2  0  2  3  2  0/0    28:13   0:00   3:56 
Chris Bourque            0  0  0   0  0   0  2  0  1  0  1/3     7:54   0:00   0:16 
Colten Teubert           0  0  0   1  0   0  0  1  0  1  0/0    16:29   0:00   3:11 
Gustav Nyquist           0  0  0   0  0   0  0  0  1  0  0/0     7:38   0:00   0:00 
Jakob Silfverberg        0  1  1   1  0   4  2  0  1  0  1/1    17:43   0:00   0:00 
James Neal               0  0  0   0  0   1  3  0  0  0  0/1    14:17   0:00   0:00 
Magnus Paajarvi-Svensson 0  0  0   0  0   2  2  0  0  0  0/0    14:17   0:00   0:00 
Mark Fistric             0  1  1   2  0   1  2  1  0  0  0/0    22:48   0:00   3:56 
Matt Greene              0  0  0   2  6   1  1  0  0  1  0/0    17:10   0:00   1:10 
Matt Read                1  0  1   2  0   3  0  0  1  0  0/0    16:19   0:00   3:49 
Milan Lucic              1  0  1   1  0   8  2  1  0  2  1/1    19:55   0:00   1:56 
Patrice Bergeron         0  0  0   1  0   1  4  1  0  0  17/30  21:56   0:00   4:04 
Ryan Suter               0  0  0   0  0   1  0  1  0  0  0/0    19:45   0:00   0:00 
Sean Couturier           0  0  0   0  0   0  1  2  0  0  6/12   17:01   0:00   2:46 
Stephen Weiss            0  1  1   2  2   3  3  0  0  0  5/12   13:08   0:00   0:17 

Players Stats for Capitals

Player Name              G  A  P  +/- PIM S  H  SB GA TA FO     MP     PP MP  PK MP  
------------------------------------------------------------------------------------
Alec Martinez            0  0  0   0  0   0  1  0  0  2  0/0    12:20   0:00   0:00 
Blake Wheeler            0  1  1  -1  0   2  1  0  0  0  0/0    16:55   4:09   0:00 
Brent Burns              0  0  0  -3  0   4  0  0  0  0  0/0    25:13   2:52   0:00 
Christian Ehrhoff        0  0  0   0  0   1  0  1  1  1  0/0    21:13   2:52   0:00 
David Krejci             0  0  0   0  0   2  0  0  1  0  3/5     8:36   0:00   0:00 
Erik Karlsson            0  0  0  -3  0   2  2  1  0  2  0/0    26:27   4:15   0:00 
Jamie Benn               0  1  1  -2  0   3  0  1  1  0  2/4    21:48   4:09   0:00 
Joe Thornton             1  0  1  -2  0   7  3  0  0  1  11/29  21:48   4:09   0:00 
Loui Eriksson            0  0  0  -1  0   0  2  2  2  0  1/1    12:33   0:07   0:00 
Matt Carle               0  0  0   0  0   1  1  0  0  0  0/0    12:20   0:00   0:00 
Mike Cammalleri          0  0  0   0  0   3  1  0  0  0  1/1    17:03   2:51   0:00 
Mikko Koivu              0  0  0  -1  0   5  0  0  0  0  5/8    12:04   0:00   0:00 
Ondrej Palat             0  0  0  -2  0   0  0  1  0  0  2/2    16:53   0:07   0:00 
Patrick Marleau          0  0  0   0  0   3  0  0  0  0  0/0     8:36   0:00   0:00 
Ryan Getzlaf             0  0  0   0  0   3  1  0  0  0  4/11   17:03   2:51   0:00 
T.J. Oshie               0  0  0   0  0   0  0  0  0  1  0/0     9:17   0:07   0:00 
Victor Hedman            0  0  0   0  0   1  2  0  1  0  0/0    22:27   4:15   0:00 
Wayne Simmonds           0  0  0   0  0   2  1  0  2  0  0/0    17:24   2:51   0:00 

3 Stars

1 - Frederik Andersen (NYR)
2 - Milan Lucic (NYR)
3 - Matt Read (NYR)

Power Play

Rangers - 0 on 0 Attempt(s) - 0.00%
Capitals - 1 on 5 Attempt(s) - 20.00%

Penalty Kill

Rangers - 4 on 5 Attempt(s) - 80.00% - Score 0 goal in Penalty Kill
Capitals - 0 on 0 Attempt(s) - 0.00% - Score 0 goal in Penalty Kill

Team Stat

Rangers - Hits : 23 - Faceoff Wins : 32 - Blocked Shots : 12 - Penalty Minutes : 10
Capitals - Hits : 15 - Faceoff Wins : 29 - Blocked Shots : 6 - Penalty Minutes : 0

Official

Referees : Unknown
Linesman : Unknown

Game Notes

No Game Note

Finance

Level 1 -- Attendance: 5520 (92.00%) -- Ticket Income $452,640
Level 2 -- Attendance: 4700 (94.00%) -- Ticket Income $220,900
Level 3 -- Attendance: 2000 (100.00%) -- Ticket Income $64,000
Level 4 -- Attendance: 3699 (92.48%) -- Ticket Income $77,679
Luxury Box -- Attendance: 807 (80.70%) -- Ticket Income $135,576
Game was played at the Verizon Center.
Total Attendance: 16726 (92.92%)
Total Ticket Income: $950,795
Other Income: $142,619
Total Income: $1,093,414

Rangers

5 vs 5 Forward 
   Center                   Left Wing                Right Wing               Time % Phy DF OF 
 1 Patrice Bergeron         Milan Lucic              Jakob Silfverberg        40     1   2  2  
 2 Sean Couturier           Magnus Paajarvi-Svensson James Neal               30     1   2  2  
 3 Stephen Weiss            Alex Tanguay             Matt Read                20     1   2  2  
 4 Artem Anisimov           Chris Bourque            Gustav Nyquist           10     1   2  2  

5 vs 5 Defense 
   Defense                  Defense                                           Time % Phy DF OF 
 1 Cam Barker               Ryan Suter                                        40     1   2  2  
 2 Mark Fistric             Matt Greene                                       30     1   2  2  
 3 Alexei Emelin            Colten Teubert                                    20     1   2  2  
 4 Cam Barker               Mark Fistric                                      10     1   2  2  

PowerPlay Forward 
   Center                   Left Wing                Right Wing               Time % Phy DF OF 
 1 Patrice Bergeron         Milan Lucic              Jakob Silfverberg        60     1   2  2  
 2 Sean Couturier           Magnus Paajarvi-Svensson James Neal               40     1   2  2  

PowerPlay Defense
   Defense                  Defense                                           Time % Phy DF OF 
 1 Cam Barker               Stephen Weiss                                     60     1   2  2  
 2 Mark Fistric             Ryan Suter                                        40     1   2  2  

Penalty Kill 4 Players Forward 
   Center                   Wing                     Time % Phy DF OF 
 1 Patrice Bergeron         Matt Read                60     1   2  2  
 2 Sean Couturier           Milan Lucic              40     1   2  2  

Penalty Kill 4 Players Defense
   Defense                  Defense                  Time % Phy DF OF 
 1 Cam Barker               Mark Fistric             60     1   2  2  
 2 Colten Teubert           Matt Greene              40     1   2  2  

Penalty Kill - 3 Players Forward 
   Forward                                           Time % Phy DF OF 
 1 Jakob Silfverberg                                 60     1   2  2  
 2 Patrice Bergeron                                  40     1   2  2  

Penalty Kill - 3 Players Defense
   Defense                  Defense                  Time % Phy DF OF 
 1 Colten Teubert           Mark Fistric             60     1   2  2  
 2 Cam Barker               Matt Greene              40     1   2  2  

4 vs 4 Forward 
   Center                   Wing                     Time % Phy DF OF 
 1 Patrice Bergeron         Milan Lucic              60     1   2  2  
 2 Jakob Silfverberg        Sean Couturier           40     1   2  2  

4 vs 4 Defense
   Defense                  Defense                  Time % Phy DF OF 
 1 Ryan Suter               Colten Teubert           60     1   2  2  
 2 Alexei Emelin            Matt Greene              40     1   2  2  

Last Minutes Offensive
   Center                   Left Wing                Right Wing               Defense                  Defense                  
   Milan Lucic              Patrice Bergeron         Jakob Silfverberg        Cam Barker               Mark Fistric             

Last Minutes Defensive
   Center                   Left Wing                Right Wing               Defense                  Defense                  
   Milan Lucic              Patrice Bergeron         Jakob Silfverberg        Cam Barker               Mark Fistric             

Goaltenders
Starting : Frederik Andersen        
Backup : Braden Holtby            

Extra Forwards
Normal : Milan Lucic, Jakob Silfverberg, Patrice Bergeron - PP : Stephen Weiss, James Neal - PK : Patrice Bergeron
Extra Defensemen
Normal : Mark Fistric, Cam Barker, Matt Greene - PP : Mark Fistric - PK : Mark Fistric, Cam Barker
Penalty Shots
Milan Lucic, Jakob Silfverberg, Patrice Bergeron, Stephen Weiss, James Neal

Scratches
None

Capitals

5 vs 5 Forward 
   Center                   Left Wing                Right Wing               Time % Phy DF OF 
 1 Joe Thornton             Jamie Benn               Ondrej Palat             40     1   2  2  
 2 Ryan Getzlaf             Mike Cammalleri          Wayne Simmonds           30     1   2  2  
 3 Mikko Koivu              Loui Eriksson            Blake Wheeler            20     1   2  2  
 4 David Krejci             Patrick Marleau          T.J. Oshie               10     1   2  2  

5 vs 5 Defense 
   Defense                  Defense                                           Time % Phy DF OF 
 1 Brent Burns              Erik Karlsson                                     40     1   2  2  
 2 Victor Hedman            Christian Ehrhoff                                 30     1   2  2  
 3 Alec Martinez            Matt Carle                                        20     1   2  2  
 4 Brent Burns              Erik Karlsson                                     10     1   2  2  

PowerPlay Forward 
   Center                   Left Wing                Right Wing               Time % Phy DF OF 
 1 Joe Thornton             Jamie Benn               Blake Wheeler            60     1   2  2  
 2 Ryan Getzlaf             Mike Cammalleri          Wayne Simmonds           40     1   2  2  

PowerPlay Defense
   Defense                  Defense                                           Time % Phy DF OF 
 1 Victor Hedman            Erik Karlsson                                     60     1   2  2  
 2 Brent Burns              Christian Ehrhoff                                 40     1   2  2  

Penalty Kill 4 Players Forward 
   Center                   Wing                     Time % Phy DF OF 
 1 Joe Thornton             Mike Cammalleri          60     1   2  2  
 2 Blake Wheeler            Ryan Getzlaf             40     1   2  2  

Penalty Kill 4 Players Defense
   Defense                  Defense                  Time % Phy DF OF 
 1 Brent Burns              Erik Karlsson            60     1   2  2  
 2 Victor Hedman            Christian Ehrhoff        40     1   2  2  

Penalty Kill - 3 Players Forward 
   Forward                                           Time % Phy DF OF 
 1 Joe Thornton                                      60     1   2  2  
 2 Ryan Getzlaf                                      40     1   2  2  

Penalty Kill - 3 Players Defense
   Defense                  Defense                  Time % Phy DF OF 
 1 Brent Burns              Erik Karlsson            60     1   2  2  
 2 Victor Hedman            Christian Ehrhoff        40     1   2  2  

4 vs 4 Forward 
   Center                   Wing                     Time % Phy DF OF 
 1 Joe Thornton             Mike Cammalleri          60     1   2  2  
 2 Blake Wheeler            Ryan Getzlaf             40     1   2  2  

4 vs 4 Defense
   Defense                  Defense                  Time % Phy DF OF 
 1 Brent Burns              Erik Karlsson            60     1   2  2  
 2 Victor Hedman            Christian Ehrhoff        40     1   2  2  

Last Minutes Offensive
   Center                   Left Wing                Right Wing               Defense                  Defense                  
   Joe Thornton             Mike Cammalleri          Blake Wheeler            Brent Burns              Erik Karlsson            

Last Minutes Defensive
   Center                   Left Wing                Right Wing               Defense                  Defense                  
   Joe Thornton             Mike Cammalleri          Blake Wheeler            Brent Burns              Erik Karlsson            

Goaltenders
Starting : Ryan Miller              
Backup : Sergei Bobrovsky         

Extra Forwards
Normal : Joe Thornton, Jamie Benn, Blake Wheeler - PP : Ryan Getzlaf, Ondrej Palat - PK : Ryan Getzlaf
Extra Defensemen
Normal : Erik Karlsson, Brent Burns, Victor Hedman - PP : Erik Karlsson - PK : Brent Burns, Erik Karlsson
Penalty Shots
Joe Thornton, Mike Cammalleri, Blake Wheeler, Ryan Getzlaf, Wayne Simmonds

Scratches
None


% Time on Ice - Rangers

Lines # - Real PCT - Wanted PCT - Time Play
Normal Forward
1 - 35% - 40% - 18:28
2 - 27% - 30% - 14:17
3 - 24% - 20% - 12:30
4 - 14% - 10% - 7:38
Normal Defense
1 - 41% - 40% - 21:44
2 - 29% - 30% - 15:08
3 - 24% - 20% - 12:56
4 - 6% - 10% - 3:05
PP Forward
1 - 0% - 60%
2 - 0% - 40%
PP Defense
1 - 0% - 60%
2 - 0% - 40%
PK Forward
1 - 73% - 60% - 5:11
2 - 27% - 40% - 1:56
PK Defense
1 - 55% - 60% - 3:56
2 - 45% - 40% - 3:11
PK3 Forward
1 - 0% - 60%
2 - 0% - 40%
PK3 Defense
1 - 0% - 60%
2 - 0% - 40%
44 Forward
1 - 0% - 60%
2 - 0% - 40%
44 Defense
1 - 0% - 60%
2 - 0% - 40%
Last Minute Offensive  - 0:00
Last Minute Defensive  - 0:00
Total
Forward - 60:00
Defense - 60:00

% Time on Ice - Capitals

Lines # - Real PCT - Wanted PCT - Time Play
Normal Forward
1 - 34% - 40% - 18:01
2 - 27% - 30% - 14:12
3 - 23% - 20% - 12:04
4 - 16% - 10% - 8:36
Normal Defense
1 - 37% - 40% - 19:49
2 - 35% - 30% - 18:21
3 - 23% - 20% - 12:20
4 - 5% - 10% - 2:23
PP Forward
1 - 60% - 60% - 4:16
2 - 40% - 40% - 2:51
PP Defense
1 - 60% - 60% - 4:15
2 - 40% - 40% - 2:52
PK Forward
1 - 0% - 60%
2 - 0% - 40%
PK Defense
1 - 0% - 60%
2 - 0% - 40%
PK3 Forward
1 - 0% - 60%
2 - 0% - 40%
PK3 Defense
1 - 0% - 60%
2 - 0% - 40%
44 Forward
1 - 0% - 60%
2 - 0% - 40%
44 Defense
1 - 0% - 60%
2 - 0% - 40%
Last Minute Offensive  - 0:00
Last Minute Defensive  - 0:00
Total
Forward - 60:00
Defense - 60:00

Play by Play

1st period


0:01 of 1st period - Patrice Bergeron wins face-off versus Joe Thornton in neutral zone.
0:07 of 1st period - Off-side.
0:08 of 1st period - Patrice Bergeron wins face-off versus Joe Thornton in neutral zone.
0:59 of 1st period - Backhand shot by Matt Read.
0:59 of 1st period - Stopped by Ryan Miller without a rebound.
1:00 of 1st period - David Krejci wins face-off versus Chris Bourque in Capitals zone.
1:09 of 1st period - Matt Greene is hit by Alec Martinez and loses puck.
1:44 of 1st period - Alexei Emelin is hit by Matt Carle and loses puck.
2:06 of 1st period - Snap shot by James Neal.
2:06 of 1st period - Shot Blocked by Ondrej Palat.
2:12 of 1st period - Slapshot by Sean Couturier.
2:12 of 1st period - Shot Blocked by Christian Ehrhoff.
2:14 of 1st period - Wrist shot by James Neal.
2:14 of 1st period - Shot Misses the Net.
2:16 of 1st period - Slapshot by Cam Barker.
2:16 of 1st period - Stopped by Ryan Miller without a rebound.
2:17 of 1st period - Mike Cammalleri wins face-off versus Patrice Bergeron in Capitals zone.
2:47 of 1st period - Sean Couturier is hit by Joe Thornton and loses puck.
3:18 of 1st period - Slapshot by Victor Hedman.
3:18 of 1st period - Stopped by Frederik Andersen with a rebound.
4:14 of 1st period - Slapshot by Alex Tanguay.
4:14 of 1st period - Stopped by Ryan Miller without a rebound.
4:15 of 1st period - Patrice Bergeron wins face-off versus Joe Thornton in Capitals zone.
4:26 of 1st period - Slapshot by Milan Lucic.
4:26 of 1st period - Stopped by Ryan Miller with a rebound.
4:45 of 1st period - Wrist shot by Wayne Simmonds.
4:45 of 1st period - Deflect By Ryan Getzlaf.
4:45 of 1st period - Stopped by Frederik Andersen with a rebound.
5:47 of 1st period - Backhand shot by Patrice Bergeron.
5:47 of 1st period - Stopped by Ryan Miller without a rebound.
5:48 of 1st period - Patrice Bergeron wins face-off versus Joe Thornton in Capitals zone.
5:51 of 1st period - Snap shot by Milan Lucic.
5:51 of 1st period - Stopped by Ryan Miller with a rebound.
6:23 of 1st period - Wrist shot by Jakob Silfverberg.
6:23 of 1st period - Stopped by Ryan Miller without a rebound.
6:24 of 1st period - Sean Couturier wins face-off versus Ryan Getzlaf in Capitals zone.
6:29 of 1st period - Wrist shot by James Neal.
6:29 of 1st period - Stopped by Ryan Miller with a rebound.
6:53 of 1st period - Wrist shot by Mikko Koivu.
6:53 of 1st period - Shot Misses the Net.
7:18 of 1st period - Icing by T.J. Oshie.
7:19 of 1st period - David Krejci wins face-off versus Chris Bourque in Capitals zone.
7:19 of 1st period - David Krejci is hit by Mark Fistric.
7:40 of 1st period - Minor Penalty to Matt Greene for Holding.
7:41 of 1st period - Jamie Benn wins face-off versus Patrice Bergeron in Rangers zone.
9:37 of 1st period - Wrist shot by Alex Tanguay.
9:37 of 1st period - Stopped by Ryan Miller with a rebound.
9:39 of 1st period - Snap shot by Alex Tanguay.
9:39 of 1st period - Stopped by Ryan Miller with a rebound.
9:40 of 1st period - Penalty to Matt Greene is over, Matt Greene is back on ice.
9:41 of 1st period - Snap shot by Matt Greene.
9:41 of 1st period - Shot Blocked by Loui Eriksson.
9:43 of 1st period - Slapshot by Alexei Emelin.
9:43 of 1st period - Shot Misses the Net.
9:45 of 1st period - Backhand shot by Alexei Emelin.
9:45 of 1st period - Shot Misses the Net.
9:47 of 1st period - Slapshot by Alexei Emelin.
9:47 of 1st period - Stopped by Ryan Miller with a rebound.
9:49 of 1st period - Snap shot by Matt Greene.
9:49 of 1st period - Shot Misses the Net.
9:51 of 1st period - Slapshot by Colten Teubert.
9:51 of 1st period - Shot Misses the Net.
9:57 of 1st period - Wrist shot by Stephen Weiss.
9:57 of 1st period - Stopped by Ryan Miller with a rebound.
9:59 of 1st period - Backhand shot by Stephen Weiss.
9:59 of 1st period - Shot Blocked by Loui Eriksson.
10:01 of 1st period - Snap shot by Matt Greene.
10:01 of 1st period - Stopped by Ryan Miller without a rebound.
10:02 of 1st period - Artem Anisimov wins face-off versus David Krejci in Capitals zone.
10:27 of 1st period - Ryan Getzlaf is hit by Patrice Bergeron and loses puck.
12:09 of 1st period - Ryan Suter is hit by Erik Karlsson.
12:26 of 1st period - Alexei Emelin is hit by Blake Wheeler and loses puck.
12:33 of 1st period - Victor Hedman is hit by Chris Bourque and loses puck.
12:50 of 1st period - Wrist shot by Jakob Silfverberg.
12:50 of 1st period - Deflect By Victor Hedman.
12:50 of 1st period - Shot Misses the Net.
12:50 of 1st period - Puck is out of play.
12:51 of 1st period - Jakob Silfverberg wins face-off versus Joe Thornton in Capitals zone.
12:52 of 1st period - Snap shot by Milan Lucic.
12:52 of 1st period - Goal by Milan Lucic - Rangers : 1 - Capitals : 0.
12:53 of 1st period - Joe Thornton wins face-off versus Patrice Bergeron in neutral zone.
13:01 of 1st period - Icing by Milan Lucic.
13:02 of 1st period - Patrice Bergeron wins face-off versus Joe Thornton in Rangers zone.
13:25 of 1st period - Snap shot by Joe Thornton.
13:25 of 1st period - Shot Misses the Net.
13:27 of 1st period - Snap shot by Joe Thornton.
13:27 of 1st period - Stopped by Frederik Andersen with a rebound.
13:29 of 1st period - Slapshot by Brent Burns.
13:29 of 1st period - Shot Blocked by Ryan Suter.
13:31 of 1st period - Slapshot by Brent Burns.
13:31 of 1st period - Stopped by Frederik Andersen with a rebound.
13:33 of 1st period - Slapshot by Brent Burns.
13:33 of 1st period - Shot Blocked by Cam Barker.
13:47 of 1st period - Wrist shot by Jakob Silfverberg.
13:47 of 1st period - Stopped by Ryan Miller with a rebound.
14:05 of 1st period - Snap shot by Joe Thornton.
14:05 of 1st period - Shot Blocked by Cam Barker.
14:07 of 1st period - Snap shot by Jamie Benn.
14:07 of 1st period - Stopped by Frederik Andersen with a rebound.
14:09 of 1st period - Slapshot by Brent Burns.
14:09 of 1st period - Stopped by Frederik Andersen with a rebound.
14:11 of 1st period - Backhand shot by Erik Karlsson.
14:11 of 1st period - Shot Misses the Net.
14:13 of 1st period - Snap shot by Jamie Benn.
14:13 of 1st period - Stopped by Frederik Andersen without a rebound.
14:14 of 1st period - Sean Couturier wins face-off versus Ryan Getzlaf in Rangers zone.
15:00 of 1st period - Off-side.
15:01 of 1st period - Chris Bourque wins face-off versus David Krejci in neutral zone.
15:15 of 1st period - Snap shot by Artem Anisimov.
15:15 of 1st period - Shot Misses the Net.
15:17 of 1st period - Wrist shot by Mark Fistric.
15:17 of 1st period - Shot Misses the Net.
15:27 of 1st period - Ryan Getzlaf is hit by James Neal and loses puck.
15:34 of 1st period - Wrist shot by Wayne Simmonds.
15:34 of 1st period - Shot Blocked by Sean Couturier.
15:40 of 1st period - Wayne Simmonds is hit by Sean Couturier.
15:56 of 1st period - Snap shot by Stephen Weiss.
15:56 of 1st period - Deflect By Matt Read.
15:56 of 1st period - Goal by Matt Read - Rangers : 2 - Capitals : 0.
15:57 of 1st period - Sean Couturier wins face-off versus Joe Thornton in neutral zone.
16:31 of 1st period - Wrist shot by Milan Lucic.
16:31 of 1st period - Stopped by Ryan Miller with a rebound.
16:33 of 1st period - Slapshot by Ryan Suter.
16:33 of 1st period - Shot Misses the Net.
16:47 of 1st period - Alexei Emelin is hit by Loui Eriksson and loses puck.
17:12 of 1st period - Snap shot by David Krejci.
17:12 of 1st period - Shot Blocked by Artem Anisimov.
17:14 of 1st period - Slapshot by Erik Karlsson.
17:14 of 1st period - Stopped by Frederik Andersen with a rebound.
17:52 of 1st period - Christian Ehrhoff is hit by Milan Lucic and loses puck.
18:10 of 1st period - Minor Penalty to Stephen Weiss for Roughing.
18:11 of 1st period - Patrice Bergeron wins face-off versus Jamie Benn in Rangers zone.
19:26 of 1st period - Cam Barker is hit by Mike Cammalleri and loses puck.
Goals for this period are 2 for Rangers vs 0 for Capitals.
Shots for this period are 17 for Rangers vs 8 for Capitals.

2nd period


0:01 of 2nd period - Patrice Bergeron wins face-off versus Joe Thornton in neutral zone.
0:10 of 2nd period - Penalty to Stephen Weiss is over, Stephen Weiss is back on ice.
0:31 of 2nd period - Wrist shot by Jamie Benn.
0:31 of 2nd period - Stopped by Frederik Andersen with a rebound.
1:14 of 2nd period - Wrist shot by Joe Thornton.
1:14 of 2nd period - Stopped by Frederik Andersen with a rebound.
1:16 of 2nd period - Snap shot by Jamie Benn.
1:16 of 2nd period - Shot Hit the Post.
1:18 of 2nd period - Wrist shot by Joe Thornton.
1:18 of 2nd period - Shot Misses the Net.
1:20 of 2nd period - Snap shot by Joe Thornton.
1:20 of 2nd period - Shot Misses the Net.
1:24 of 2nd period - Snap shot by Joe Thornton.
1:24 of 2nd period - Stopped by Frederik Andersen without a rebound.
1:25 of 2nd period - Ryan Getzlaf wins face-off versus Sean Couturier in Rangers zone.
1:26 of 2nd period - Slapshot by Wayne Simmonds.
1:26 of 2nd period - Shot Misses the Net.
2:54 of 2nd period - Snap shot by Milan Lucic.
2:54 of 2nd period - Deflect By Jakob Silfverberg.
2:54 of 2nd period - Stopped by Ryan Miller with a rebound.
3:53 of 2nd period - Icing by Erik Karlsson.
3:54 of 2nd period - David Krejci wins face-off versus Sean Couturier in Capitals zone.
3:54 of 2nd period - David Krejci is hit by Matt Greene.
4:57 of 2nd period - Snap shot by Mikko Koivu.
4:57 of 2nd period - Shot Blocked by Sean Couturier.
5:53 of 2nd period - David Krejci is hit by Stephen Weiss and loses puck.
6:17 of 2nd period - Icing by Brent Burns.
6:18 of 2nd period - Sean Couturier wins face-off versus Mikko Koivu in Capitals zone.
6:30 of 2nd period - Snap shot by Mikko Koivu.
6:30 of 2nd period - Shot Misses the Net.
6:32 of 2nd period - Snap shot by Loui Eriksson.
6:32 of 2nd period - Shot Misses the Net.
6:34 of 2nd period - Snap shot by Mikko Koivu.
6:34 of 2nd period - Stopped by Frederik Andersen without a rebound.
6:35 of 2nd period - Joe Thornton wins face-off versus Patrice Bergeron in Rangers zone.
6:40 of 2nd period - Wrist shot by Joe Thornton.
6:40 of 2nd period - Shot Misses the Net.
6:42 of 2nd period - Slapshot by Erik Karlsson.
6:42 of 2nd period - Shot Blocked by Milan Lucic.
7:26 of 2nd period - Matt Greene is hit by Loui Eriksson and loses puck.
8:14 of 2nd period - Alexei Emelin is hit by Joe Thornton and loses puck.
8:25 of 2nd period - Slapshot by Milan Lucic.
8:25 of 2nd period - Stopped by Ryan Miller with a rebound.
8:28 of 2nd period - Icing by Wayne Simmonds.
8:29 of 2nd period - Ryan Getzlaf wins face-off versus Sean Couturier in Capitals zone.
8:29 of 2nd period - Ryan Getzlaf is hit by James Neal.
8:41 of 2nd period - Wayne Simmonds is hit by James Neal.
9:22 of 2nd period - Minor Penalty to Matt Greene for Holding.
9:23 of 2nd period - Joe Thornton wins face-off versus Patrice Bergeron in Rangers zone.
9:25 of 2nd period - Snap shot by Blake Wheeler.
9:25 of 2nd period - Deflect By Joe Thornton.
9:25 of 2nd period - Shot Misses the Net.
9:25 of 2nd period - Puck is out of play.
9:26 of 2nd period - Joe Thornton wins face-off versus Patrice Bergeron in Rangers zone.
9:39 of 2nd period - Wrist shot by Joe Thornton.
9:39 of 2nd period - Goal by Joe Thornton - Rangers : 2 - Capitals : 1.
9:40 of 2nd period - Joe Thornton wins face-off versus Patrice Bergeron in neutral zone.
9:44 of 2nd period - Off-side.
9:45 of 2nd period - Jamie Benn wins face-off versus Patrice Bergeron in neutral zone.
10:20 of 2nd period - Backhand shot by Ryan Getzlaf.
10:20 of 2nd period - Shot Hit the Post.
10:22 of 2nd period - Wrist shot by Brent Burns.
10:22 of 2nd period - Stopped by Frederik Andersen with a rebound.
10:40 of 2nd period - Snap shot by Alex Tanguay.
10:40 of 2nd period - Shot Misses the Net.
12:38 of 2nd period - Slapshot by Victor Hedman.
12:38 of 2nd period - Shot Blocked by Colten Teubert.
12:40 of 2nd period - Snap shot by T.J. Oshie.
12:40 of 2nd period - Shot Misses the Net.
12:42 of 2nd period - Wrist shot by Patrick Marleau.
12:42 of 2nd period - Stopped by Frederik Andersen with a rebound.
12:44 of 2nd period - Wrist shot by Patrick Marleau.
12:44 of 2nd period - Stopped by Frederik Andersen with a rebound.
12:46 of 2nd period - Snap shot by David Krejci.
12:46 of 2nd period - Stopped by Frederik Andersen with a rebound.
12:53 of 2nd period - Icing by Alexei Emelin.
12:54 of 2nd period - Stephen Weiss wins face-off versus Ryan Getzlaf in Rangers zone.
13:23 of 2nd period - Wrist shot by Mikko Koivu.
13:23 of 2nd period - Stopped by Frederik Andersen without a rebound.
13:24 of 2nd period - Mikko Koivu wins face-off versus Stephen Weiss in Rangers zone.
14:10 of 2nd period - Snap shot by Joe Thornton.
14:10 of 2nd period - Stopped by Frederik Andersen with a rebound.
14:12 of 2nd period - Wrist shot by Joe Thornton.
14:12 of 2nd period - Shot Blocked by Alexei Emelin.
14:14 of 2nd period - Snap shot by Ondrej Palat.
14:14 of 2nd period - Shot Misses the Net.
14:16 of 2nd period - Slapshot by Brent Burns.
14:16 of 2nd period - Shot Misses the Net.
14:18 of 2nd period - Snap shot by Ondrej Palat.
14:18 of 2nd period - Shot Misses the Net.
15:18 of 2nd period - Cam Barker is hit by Victor Hedman and loses puck.
15:34 of 2nd period - Wrist shot by Milan Lucic.
15:34 of 2nd period - Stopped by Ryan Miller without a rebound.
15:35 of 2nd period - Sean Couturier wins face-off versus Joe Thornton in Capitals zone.
15:38 of 2nd period - Snap shot by Magnus Paajarvi-Svensson.
15:38 of 2nd period - Shot Blocked by Jamie Benn.
15:46 of 2nd period - Slapshot by Mark Fistric.
15:46 of 2nd period - Stopped by Ryan Miller without a rebound.
15:47 of 2nd period - Ondrej Palat wins face-off versus Sean Couturier in Capitals zone.
16:12 of 2nd period - Ryan Suter is hit by Wayne Simmonds and loses puck.
16:37 of 2nd period - Wrist shot by Blake Wheeler.
16:37 of 2nd period - Stopped by Frederik Andersen without a rebound.
16:38 of 2nd period - Sean Couturier wins face-off versus Mikko Koivu in Rangers zone.
16:56 of 2nd period - Icing by Matt Greene.
16:57 of 2nd period - Joe Thornton wins face-off versus James Neal in Rangers zone.
17:23 of 2nd period - Icing by Mark Fistric.
17:24 of 2nd period - Patrice Bergeron wins face-off versus Ryan Getzlaf in Rangers zone.
17:31 of 2nd period - Snap shot by Milan Lucic.
17:31 of 2nd period - Stopped by Ryan Miller without a rebound.
17:32 of 2nd period - Patrice Bergeron wins face-off versus Joe Thornton in Capitals zone.
17:59 of 2nd period - James Neal is hit by Erik Karlsson.
18:27 of 2nd period - Christian Ehrhoff is hit by Alex Tanguay and loses puck.
18:46 of 2nd period - Snap shot by T.J. Oshie.
18:46 of 2nd period - Deflect By David Krejci.
18:46 of 2nd period - Stopped by Frederik Andersen with a rebound.
18:48 of 2nd period - Backhand shot by Alec Martinez.
18:48 of 2nd period - Shot Misses the Net.
18:50 of 2nd period - Slapshot by Alec Martinez.
18:50 of 2nd period - Shot Misses the Net.
18:57 of 2nd period - Icing by Matt Greene.
18:58 of 2nd period - Patrice Bergeron wins face-off versus Jamie Benn in Rangers zone.
Goals for this period are 0 for Rangers vs 1 for Capitals.
Shots for this period are 5 for Rangers vs 13 for Capitals.

3rd period


0:01 of 3rd period - Patrice Bergeron wins face-off versus Joe Thornton in neutral zone.
0:04 of 3rd period - Ondrej Palat is hit by Mark Fistric and loses puck.
0:32 of 3rd period - Snap shot by Ryan Getzlaf.
0:32 of 3rd period - Shot Misses the Net.
0:34 of 3rd period - Snap shot by Brent Burns.
0:34 of 3rd period - Stopped by Frederik Andersen with a rebound.
0:36 of 3rd period - Slapshot by Ryan Getzlaf.
0:36 of 3rd period - Shot Misses the Net.
1:34 of 3rd period - Patrice Bergeron is hit by Joe Thornton and loses puck.
1:51 of 3rd period - Snap shot by Magnus Paajarvi-Svensson.
1:51 of 3rd period - Stopped by Ryan Miller with a rebound.
2:09 of 3rd period - Slapshot by Mikko Koivu.
2:09 of 3rd period - Stopped by Frederik Andersen without a rebound.
2:10 of 3rd period - Loui Eriksson wins face-off versus Stephen Weiss in Rangers zone.
2:11 of 3rd period - Wrist shot by Mikko Koivu.
2:11 of 3rd period - Stopped by Frederik Andersen without a rebound.
2:12 of 3rd period - Mikko Koivu wins face-off versus Stephen Weiss in Rangers zone.
2:40 of 3rd period - Icing by Joe Thornton.
2:41 of 3rd period - Joe Thornton wins face-off versus Patrice Bergeron in Capitals zone.
2:41 of 3rd period - Joe Thornton is hit by Patrice Bergeron.
3:07 of 3rd period - Slapshot by Brent Burns.
3:07 of 3rd period - Shot Misses the Net.
3:09 of 3rd period - Snap shot by Joe Thornton.
3:09 of 3rd period - Shot Misses the Net.
3:11 of 3rd period - Snap shot by Erik Karlsson.
3:11 of 3rd period - Deflect By Ryan Suter.
3:11 of 3rd period - Stopped by Frederik Andersen without a rebound.
3:12 of 3rd period - Ryan Getzlaf wins face-off versus Sean Couturier in Rangers zone.
3:17 of 3rd period - Snap shot by Mike Cammalleri.
3:17 of 3rd period - Shot Misses the Net.
3:37 of 3rd period - Mikko Koivu is hit by Stephen Weiss and loses puck.
4:06 of 3rd period - Ondrej Palat is hit by Jakob Silfverberg and loses puck.
4:25 of 3rd period - Slapshot by Patrick Marleau.
4:25 of 3rd period - Stopped by Frederik Andersen without a rebound.
4:26 of 3rd period - Patrice Bergeron wins face-off versus Ryan Getzlaf in Rangers zone.
4:31 of 3rd period - Slapshot by Cam Barker.
4:31 of 3rd period - Shot Blocked by Erik Karlsson.
4:33 of 3rd period - Snap shot by Patrice Bergeron.
4:33 of 3rd period - Shot Misses the Net.
4:35 of 3rd period - Wrist shot by Jakob Silfverberg.
4:35 of 3rd period - Stopped by Ryan Miller without a rebound.
4:36 of 3rd period - Patrice Bergeron wins face-off versus Ryan Getzlaf in Capitals zone.
4:49 of 3rd period - Slapshot by Milan Lucic.
4:49 of 3rd period - Stopped by Ryan Miller with a rebound.
4:51 of 3rd period - Slapshot by Cam Barker.
4:51 of 3rd period - Stopped by Ryan Miller with a rebound.
4:53 of 3rd period - Slapshot by Patrice Bergeron.
4:53 of 3rd period - Deflect By Milan Lucic.
4:53 of 3rd period - Shot Misses the Net.
4:53 of 3rd period - Puck is out of play.
4:54 of 3rd period - Joe Thornton wins face-off versus Sean Couturier in Capitals zone.
5:21 of 3rd period - Wayne Simmonds is hit by Jakob Silfverberg.
5:39 of 3rd period - Snap shot by Ryan Suter.
5:39 of 3rd period - Stopped by Ryan Miller without a rebound.
5:40 of 3rd period - Mikko Koivu wins face-off versus Stephen Weiss in Capitals zone.
5:45 of 3rd period - Slapshot by Alex Tanguay.
5:45 of 3rd period - Shot Hit the Post.
5:47 of 3rd period - Snap shot by Stephen Weiss.
5:47 of 3rd period - Stopped by Ryan Miller without a rebound.
5:48 of 3rd period - Patrice Bergeron wins face-off versus Joe Thornton in Capitals zone.
5:54 of 3rd period - Icing by Erik Karlsson.
5:55 of 3rd period - Patrice Bergeron wins face-off versus Joe Thornton in Capitals zone.
6:06 of 3rd period - Slapshot by Joe Thornton.
6:06 of 3rd period - Stopped by Frederik Andersen with a rebound.
6:32 of 3rd period - Victor Hedman is hit by Patrice Bergeron and loses puck.
6:57 of 3rd period - Slapshot by Magnus Paajarvi-Svensson.
6:57 of 3rd period - Stopped by Ryan Miller without a rebound.
6:58 of 3rd period - Stephen Weiss wins face-off versus Joe Thornton in Capitals zone.
7:05 of 3rd period - Wrist shot by Stephen Weiss.
7:05 of 3rd period - Deflect By Alex Tanguay.
7:05 of 3rd period - Stopped by Ryan Miller without a rebound.
7:06 of 3rd period - Stephen Weiss wins face-off versus Joe Thornton in Capitals zone.
7:19 of 3rd period - Snap shot by Alex Tanguay.
7:19 of 3rd period - Goal by Alex Tanguay - Rangers : 3 - Capitals : 1.
7:20 of 3rd period - Patrice Bergeron wins face-off versus Joe Thornton in neutral zone.
7:45 of 3rd period - Ryan Getzlaf is hit by Magnus Paajarvi-Svensson and loses puck.
7:52 of 3rd period - Slapshot by Matt Carle.
7:52 of 3rd period - Shot Misses the Net.
7:54 of 3rd period - Wrist shot by Ryan Getzlaf.
7:54 of 3rd period - Shot Misses the Net.
8:27 of 3rd period - Patrick Marleau is hit by Chris Bourque and loses puck.
8:47 of 3rd period - Off-side.
8:48 of 3rd period - Ondrej Palat wins face-off versus Patrice Bergeron in neutral zone.
8:57 of 3rd period - Wrist shot by Joe Thornton.
8:57 of 3rd period - Stopped by Frederik Andersen without a rebound.
8:58 of 3rd period - Joe Thornton wins face-off versus Patrice Bergeron in Rangers zone.
9:02 of 3rd period - Minor Penalty to Matt Greene for Cross-checking.
9:03 of 3rd period - Patrice Bergeron wins face-off versus Joe Thornton in Rangers zone.
9:08 of 3rd period - Icing by Victor Hedman.
9:09 of 3rd period - Joe Thornton wins face-off versus Patrice Bergeron in Capitals zone.
9:26 of 3rd period - Wrist shot by Joe Thornton.
9:26 of 3rd period - Shot Blocked by Patrice Bergeron.
9:46 of 3rd period - Snap shot by Erik Karlsson.
9:46 of 3rd period - Shot Misses the Net.
11:02 of 3rd period - Penalty to Matt Greene is over, Matt Greene is back on ice.
11:12 of 3rd period - Wrist shot by David Krejci.
11:12 of 3rd period - Shot Misses the Net.
11:14 of 3rd period - Slapshot by Matt Carle.
11:14 of 3rd period - Shot Misses the Net.
11:16 of 3rd period - Slapshot by Matt Carle.
11:16 of 3rd period - Stopped by Frederik Andersen with a rebound.
11:18 of 3rd period - Slapshot by Patrick Marleau.
11:18 of 3rd period - Shot Blocked by Mark Fistric.
13:13 of 3rd period - T.J. Oshie is hit by Milan Lucic and loses puck.
13:29 of 3rd period - Jamie Benn is hit by Magnus Paajarvi-Svensson.
13:41 of 3rd period - Wayne Simmonds is hit by Stephen Weiss and loses puck.
15:32 of 3rd period - Off-side.
15:33 of 3rd period - Stephen Weiss wins face-off versus Mikko Koivu in neutral zone.
15:48 of 3rd period - Wrist shot by Alex Tanguay.
15:48 of 3rd period - Stopped by Ryan Miller with a rebound.
16:00 of 3rd period - Christian Ehrhoff is hit by Patrice Bergeron and loses puck.
16:26 of 3rd period - Sean Couturier is hit by Ryan Getzlaf and loses puck.
16:33 of 3rd period - Snap shot by Wayne Simmonds.
16:33 of 3rd period - Stopped by Frederik Andersen with a rebound.
16:35 of 3rd period - Snap shot by Mike Cammalleri.
16:35 of 3rd period - Stopped by Frederik Andersen without a rebound.
16:36 of 3rd period - Mikko Koivu wins face-off versus Stephen Weiss in Rangers zone.
16:39 of 3rd period - Wrist shot by Blake Wheeler.
16:39 of 3rd period - Stopped by Frederik Andersen with a rebound.
16:41 of 3rd period - Wrist shot by Mikko Koivu.
16:41 of 3rd period - Stopped by Frederik Andersen without a rebound.
16:42 of 3rd period - Mikko Koivu wins face-off versus Stephen Weiss in Rangers zone.
16:55 of 3rd period - Slapshot by Stephen Weiss.
16:55 of 3rd period - Stopped by Ryan Miller with a rebound.
17:22 of 3rd period - Wrist shot by Matt Read.
17:22 of 3rd period - Stopped by Ryan Miller without a rebound.
17:23 of 3rd period - Milan Lucic wins face-off versus Joe Thornton in Capitals zone.
17:57 of 3rd period - Wrist shot by Mike Cammalleri.
17:57 of 3rd period - Stopped by Frederik Andersen without a rebound.
17:58 of 3rd period - Ryan Getzlaf wins face-off versus Stephen Weiss in Rangers zone.
18:07 of 3rd period - Snap shot by Wayne Simmonds.
18:07 of 3rd period - Stopped by Frederik Andersen without a rebound.
18:08 of 3rd period - Stephen Weiss wins face-off versus Ryan Getzlaf in Rangers zone.
18:15 of 3rd period - Cam Barker is hit by Victor Hedman and loses puck.
18:43 of 3rd period - Snap shot by Ryan Getzlaf.
18:43 of 3rd period - Shot Misses the Net.
18:45 of 3rd period - Wrist shot by Mike Cammalleri.
18:45 of 3rd period - Stopped by Frederik Andersen with a rebound.
18:47 of 3rd period - Slapshot by Ryan Getzlaf.
18:47 of 3rd period - Stopped by Frederik Andersen with a rebound.
18:49 of 3rd period - Slapshot by Christian Ehrhoff.
18:49 of 3rd period - Stopped by Frederik Andersen with a rebound.
18:51 of 3rd period - Slapshot by Ryan Getzlaf.
18:51 of 3rd period - Shot Misses the Net.
18:53 of 3rd period - Snap shot by Wayne Simmonds.
18:53 of 3rd period - Shot Blocked by Alex Tanguay.
18:55 of 3rd period - Slapshot by Ryan Getzlaf.
18:55 of 3rd period - Stopped by Frederik Andersen with a rebound.
18:57 of 3rd period - Wrist shot by Mike Cammalleri.
18:57 of 3rd period - Shot Misses the Net.
19:06 of 3rd period - Minor Penalty to Alex Tanguay for Tripping.
19:07 of 3rd period - Joe Thornton wins face-off versus Patrice Bergeron in Rangers zone.
Goals for this period are 1 for Rangers vs 0 for Capitals.
Shots for this period are 12 for Rangers vs 18 for Capitals.